Selects Airborne Battlegroup
Selects Heavy Machine Gun Paradrop
Heavy Machine Gun Paradrop
Construct Weapon Support Center
Heavy Machine Gun Paradrop
Heavy Machine Gun Paradrop
Selects Smoke Bombing Run
Selects Paratrooper Squad Paradrop
M3 Armored Personnel Carrier
Heavy Machine Gun Paradrop
Selects Anti-tank Gun Team Paradrop
Anti-tank Gun Team Paradrop
M18 Hellcat Tank Destroyer
Anti-tank Gun Team Paradrop
Heavy Machine Gun Paradrop
Selects Carpet Bombing Run
Paratrooper Squad Paradrop
M4(105) Sherman Bulldozer
M18 Hellcat Tank Destroyer